 Dungeon Crawl Stone Soup version 0.30.1-3-gfc49f6343a (webtiles) character file.

Game seed: 6596719714769656815

247 Pepete the Ducker (level 5, -1/21 HPs)
             Began as a Felid Fire Elementalist on July 25, 2023.
             Killed from afar by Blork the orc (5 damage)
             ... with a puff of frost
             ... on level 4 of the Dungeon.
             The game lasted 00:09:16 (11272 turns).

Pepete the Ducker (Felid Fire Elementalist)        Turns: 11272, Time: 00:09:17

Health: -1/21      AC:  1    Str:  4    XL:     5   Next: 85%
Magic:  0/11       EV: 20    Int: 18    God:
Gold:   194        SH:  0    Dex: 17    Spells: 8/11 levels left
                                        Lives:  0   Deaths: 1

rFire   . . .        (weapon unavailable)
rCold   . . .        (shield unavailable)
rNeg    . . .        (body armour unavailable)
rPois   .            (helmet unavailable)
rElec   .            (cloak unavailable)
rCorr   .            (gloves unavailable)
SInv    +            (boots unavailable)
Will    .....        (no amulet)
Stlth   ++           (no ring)
HPRegen 0.23/turn    (no ring)
MPRegen 0.12/turn

%: no passive effects
@: very slightly contaminated, quick
A: very small, claws 1, fangs 3, see invisible, speed 1, shaggy fur 1, stealthy
paws, no weapons or thrown items, no armour, multi-lived
a: no special abilities


You were on level 4 of the Dungeon.
You visited 1 branch of the dungeon, and saw 4 of its levels.

You collected 194 gold pieces.

Inventory:

Jewellery
 k - an amulet of the acrobat
Scrolls
 b - a scroll of vulnerability {unknown}
 c - a scroll of magic mapping
 e - 3 scrolls of teleportation
 f - 3 scrolls of enchant weapon
 h - 2 scrolls of brand weapon
 i - a scroll of blinking {unknown}
 l - 2 scrolls of immolation {unknown}
Potions
 a - a potion of mutation {unknown}
 d - a potion of attraction {unknown}
 g - a potion of might {unknown}
 j - a potion of haste {unknown}
 m - a potion of brilliance {unknown}
 n - a potion of lignification {unknown}


   Skills:
 + Level 5.5 Dodging
 - Level 2.6 Stealth
 + Level 3.8 Spellcasting
 - Level 0.8 Conjurations
 * Level 4.1 Fire Magic


You had 8 spell levels left.
You knew the following spells:

 Your Spells              Type           Power      Damage    Failure   Level
a - Foxfire               Conj/Fire      48%        2x1d6     5%          1
b - Scorch                Fire           36%        2d7       4%          2

Your spell library contained the following spells:

 Spells                   Type           Power      Damage    Failure   Level
 Apportation              Tloc           6%         N/A       16%         1
 Necrotise                Necr           12%        1d4       16%         1
 Summon Small Mammal      Summ           12%        N/A       16%         1
 Inner Flame              Hex/Fire       10%        N/A       19%         3
 Volatile Blastmotes      Fire/Tloc      20%        2d11      19%         3
 Flame Wave               Conj/Fire      12%        2d6       47%         4
 Fireball                 Conj/Fire      6%         3d5       83%         5
 Plasma Beam              Fire/Air       5%         2x1d17    100%        6
 Starburst                Conj/Fire      6%         6d4       100%        6


Dungeon Overview and Level Annotations

Branches:
Dungeon (4/15)
 Temple: D:4-7

Altars:
Ru
Uskayaw

Annotations:
D:4 Blork the orc


Innate Abilities, Weirdness & Mutations

You have sharp claws.
You have razor-sharp teeth.
You have supernaturally acute eyesight. (SInv)
You cover ground quickly. (Speed+)
You are covered in fur. (AC +1)
Your paws help you pounce on unaware monsters.
You are incapable of wielding weapons or throwing items.
You cannot wear armour.
You gain extra lives every three experience levels.


Message History

Casting: Scorch (safe; 4% risk of failure)
Confirm with . or Enter, or press ? or * to list all spells.
You don't have enough magic to cast this spell.
Unknown command.
You conjure some foxfire!
Blork the orc casts a spell at you. The puff of flame misses you.
The puff of flame hits your foxfire.
Your foxfire completely resists.
Casting: Foxfire (safe; 5% risk of failure)
Confirm with . or Enter, or press ? or * to list all spells.
You don't have enough magic to cast this spell.
Unknown command.
Your foxfire dissipates!
The foxfire hits Blork the orc.
Blork the orc is severely wounded.
Blork the orc mumbles some strange words.
Blork the orc seems to speed up.
Your magical contamination has completely faded away.
Blork the orc screams, "I'll cover the dungeon with your blood!"
Blork the orc points at you and mumbles some strange words.
The magic dart hits you!
Blork the orc begins to cast a cantrip, but forgets the words!
Blork the orc casts a spell at you. The puff of frost misses you.
Blork the orc gestures at you while chanting.
The magic dart hits you!
* * * LOW HITPOINT WARNING * * *
You are too injured to fight recklessly!
Casting: Foxfire (safe; 5% risk of failure)
Confirm with . or Enter, or press ? or * to list all spells.
You miscast Foxfire.
You are very lightly contaminated with residual magic.
Nothing appears to happen.
Casting: Foxfire (safe; 5% risk of failure)
Confirm with . or Enter, or press ? or * to list all spells.
You conjure some foxfire!
Blork the orc looks satisfied for a moment.
Blork the orc gestures at you while chanting.
The puff of frost hits you.
You die...

##.### #. #...#... #.#
##.####..##... #.#
#.......>..... #.#
#.....#.###...
#.#####.###.#.###...
#...............+...
#.######.##.#.###
####.v####..##.#.#####
#.....@v..............
#.o.#######'.#.#.####.
#..####⌠.⌠.#.#.....
#.##.##....#.#...##.#
#.8...#._..#.....# #
#.....#....#.##..#
#o....#....#......
#.8...#._..#.. ##..
#.##.##....#.#


You could see Blork the orc (fast, ally target).

Vanquished Creatures
  A kobold brigand (D:3)
  An orc priest (D:3)
  Jessica (D:3)
  Ijyb (D:3)
  Robin (D:3)
  6 adders
  2 worms (D:2)
  A dart slug (D:3)
  4 orcs (D:3)
  5 bats
  8 endoplasms
  3 giant cockroaches
  7 goblins
  8 hobgoblins
  2 jackals (D:3)
  14 kobolds
  5 quokkas
  2 ball pythons
  5 frilled lizards
  6 rats
83 creatures vanquished.

Vanquished Creatures (others)
  467 foxfires
467 creatures vanquished.

Grand Total: 550 creatures vanquished

Notes
Turn   | Place    | Note
-------+----------+-------------------------------------------
     0 | D:1      | Pepete the Felid Fire Elementalist began the quest for the
                  | Orb.
     0 | D:1      | Reached XP level 1. HP: 7/7 MP: 4/4
    52 | D:1      | Reached skill level 3 in Dodging
   610 | D:1      | Reached XP level 2. HP: 11/11 MP: 0/6
  2264 | D:2      | Reached XP level 3. HP: 14/14 MP: 0/8
  2336 | D:2      | Learned a level 2 spell: Scorch
  2427 | D:2      | Reached skill level 4 in Dodging
  2724 | D:2      | Found a sacrificial altar of Ru.
  5146 | D:2      | Reached XP level 4. HP: 18/18 MP: 3/9
  5701 | D:3      | Noticed Ijyb
  6453 | D:3      | HP: 1/27 [poisoned by Ijyb]
  6454 | D:3      | Killed Ijyb
  6455 | D:3      | Succumbed to Ijyb's poison
  6456 | D:3      | Reached XP level 3. HP: 0/21 MP: 8/8
  6875 | D:3      | Reached XP level 4. HP: 17/18 MP: 2/10
  7456 | D:3      | Found the +7 Throatcutter {drain, coup de grace}
  7456 | D:3      | Noticed a kobold brigand
  7691 | D:3      | Killed a kobold brigand
  7692 | D:3      | Reached skill level 5 in Dodging
  7692 | D:3      | Reached XP level 5. HP: 21/21 MP: 3/11
  8781 | D:3      | Noticed Jessica
  8785 | D:3      | Killed Jessica
  9874 | D:3      | Noticed Robin
  9879 | D:3      | Killed Robin
 10816 | D:4      | Found a hide-covered altar of Uskayaw.
 10817 | D:4      | Found a sacrificial altar of Ru.
 11238 | D:4      | Noticed Blork the orc
 11272 | D:4      | Killed from afar by Blork the orc

Illustrated notes

Levels and vault maps discovered:
D:1:      lordsloth_arrival_two_stooges, layout_rooms, serial_corexii_hall,
          corexii_hall_statues_t, corexii_hall_statues_x, corexii_hall_statues_l
D:2:      layout_rooms, basic_altar
D:3:      layout_basic, dilly_guarded_unrand_throatcut, uniq_robin,
          uniq_jessica, uniq_ijyb
D:4:      layout_basic, jmf_multi_god_temple, uniq_blork_the_orc, uniq_edmund

Skill      XL: |  1  2  3  4  5 |
---------------+----------------+-----
Dodging        | 3 4 5 |  5.5
Spellcasting   | 3 |  3.8
Fire Magic     | 3 4 |  4.1
Stealth        | |  2.6
Conjurations   | |  0.8

Action                     |  1- 3 |  4- 6 || total
---------------------------+-------+-------++-------
  Melee: Unarmed           |     6 |    12 ||    18
         Bite              |       |     2 ||     2
   Cast: Foxfire           |   139 |   142 ||   281
         Scorch            |     5 |    15 ||    20
    Use: Scroll            |     4 |       ||     4
         Potion            |       |     3 ||     3
 Armour: Skin              |     1 |       ||     1
  Dodge: Dodged            |    16 |    21 ||    37
